 Dungeon Crawl Stone Soup version 0.24.0-13-gcf9b319 (webtiles) character file.

Game seed: 16164111015915358131, levelgen mode: deterministic

105 Bronimir the Conjurer (level 4, -21/27 HPs)
             Began as an Octopode Conjurer on Apr 1, 2020.
             Demolished by an ogre
             ... wielding a +0 giant club
              (23 damage)
             ... on level 4 of the Dungeon.
             The game lasted 00:05:31 (3033 turns).

Bronimir the Conjurer (Octopode Conjurer)           Turns: 3033, Time: 00:05:32

Health: -21/27     AC:  8    Str:  7    XL:     4   Next: 81%
Magic:  1/8        EV: 13    Int: 18    God:
Gold:   136        SH:  0    Dex: 12    Spells: 3/9 levels left

rFire    . . .     SeeInvis .   a - +0 mace (protect)
rCold    . . .     Gourm    .   (no shield)
rNeg     . . .     Faith    .   (helmet restricted)
rPois    .         Spirit   .   (no amulet)
rElec    .         Reflect  .   (no ring)
rCorr    .         Harm     .   (no ring)
MR       .....                  (no ring)
Stlth    +++.......             (no ring)
HPRegen  0.09/turn              (no ring)
MPRegen  0.11/turn              (no ring)
                                (no ring)
                                (no ring)

@: protection aura, very slightly contaminated
A: almost no armour, stealthy swim, amphibious, 8 rings, constrict 8, camouflage
1, gelatinous body 1
a: no special abilities


You were on level 4 of the Dungeon.
You were very hungry.

You visited 1 branch of the dungeon, and saw 4 of its levels.

You collected 136 gold pieces.

Inventory:

Hand Weapons
 a - a +0 mace of protection (weapon)
 q - a +0 spear
Missiles
 e - 35 bolts
 f - 110 stones
 l - 15 arrows
 m - 55 sling bullets
 o - 21 poisoned darts (quivered)
Scrolls
 c - 2 scrolls of random uselessness {unknown}
 i - a scroll of enchant weapon {unknown}
 j - 2 scrolls of remove curse {unknown}
 k - a scroll of identify {unknown}
 n - 2 scrolls of immolation {unknown}
 p - a scroll of fog {unknown}
Potions
 d - 3 potions of heal wounds {unknown}
 g - a potion of lignification {unknown}
 h - a potion of haste {unknown}
 r - a potion of curing {unknown}
 s - a potion of berserk rage {unknown}
Comestibles
 b - 8 rations


   Skills:
 * Level 2.5 Dodging
 - Level 2.7 Stealth
 * Level 3.0 Spellcasting
 * Level 5.0 Conjurations
 * Level 0.7 Hexes


You had 3 spell levels left.
You knew the following spells:

 Your Spells              Type           Power        Failure   Level  Hunger
a - Magic Dart            Conj           ###.         1%          1    None
b - Searing Ray           Conj           ###...       3%          2    ##.....
c - Dazzling Spray        Conj/Hex       ##....       16%         3    ###....

Your spell library contained the following spells:

 Spells                   Type           Power        Failure   Level  Hunger
 Iskenderun's Mystic Bla  Conj           ###.....     21%         4    ####...
 Fulminant Prism          Conj/Hex       ##........   45%         4    ####...
 Force Lance              Conj/Tloc      ##......     50%         4    ####...


Dungeon Overview and Level Annotations

Branches:
Dungeon (4/15)             Temple (0/1) D:4

Altars:


Innate Abilities, Weirdness & Mutations

You cannot wear most types of armour.
You are very stealthy in the water. (Stealth+)
You are amphibious.
You can wear up to eight rings at the same time.
You can use your tentacles to constrict eight enemies at once.
Your skin changes colour to match your surroundings (Stealth+).
Your rubbery body absorbs attacks. (AC +1, EV +1)


Message History

The ogre is heavily wounded.
The ogre barely misses you.
You completely miss the ogre.
The ogre is heavily wounded.
The ogre is no longer blind.
The ogre hits you with a +0 giant club!!
Ouch! That really hurt!
* * * LOW HITPOINT WARNING * * *
You hit the ogre but do no damage.
Your weapon exudes an aura of protection.
The ogre is heavily wounded.
The ogre barely misses you.
You hit the ogre but do no damage.
The ogre is heavily wounded.
The ogre closely misses you.
You completely miss the ogre.
The ogre is heavily wounded.
The ogre hits you with a +0 giant club!!
Ouch! That really hurt!
You die...

. .. ...
...# .....
.>....+##
.......@#
...##...O#
. ##...(.#
......[..#
+.........+
#.........#
##....>..##
##.....##


You could see an ogre.

Vanquished Creatures
  2 adders (D:2)
  2 oozes
  A worm (D:3)
  2 dart slugs
  2 leopard geckos (D:2)
  5 orcs (D:3)
  7 bats
  3 giant cockroaches
  7 hobgoblins
  3 jackals (D:3)
  2 ball pythons (D:3)
  4 frilled lizards
  6 goblins
  11 kobolds
  7 rats
64 creatures vanquished.

Notes
Turn   | Place    | Note
-------+----------+-------------------------------------------
     0 | D:1      | Bronimir the Octopode Conjurer began the quest for the Orb.
     0 | D:1      | Reached XP level 1. HP: 11/11 MP: 3/3
   141 | D:1      | Reached XP level 2. HP: 1/17 MP: 0/5
   447 | D:1      | Learned a level 2 spell: Searing Ray
  1044 | D:2      | Reached XP level 3. HP: 21/21 MP: 4/6
  1110 | D:2      | Learned a level 3 spell: Dazzling Spray
  1576 | D:2      | Reached XP level 4. HP: 22/27 MP: 2/7
  2594 | D:3      | Reached skill level 5 in Conjurations
  3025 | D:4      | Found a staircase to the Ecumenical Temple.
  3025 | D:4      | Noticed an ogre
  3033 | D:4      | Demolished by an ogre

Levels and vault maps discovered:
D:1:      evilmike_arrival_fibonacci_small, layout_rooms
D:2:      layout_rooms, first_ration
D:3:      layout_loops_corners, supply_closet_lemuel
D:4:      wander_river, layout_loops_corners, fedhas_ov_isle_minmay,
          minmay_temple_entry_stoned_glass, serial_shops, shop_fountains

Skill      XL: |  1  2  3  4 |
---------------+-------------+-----
Conjurations   | 5 |  5.0
Spellcasting   | 3 |  3.0
Dodging        | |  2.5
Stealth        | |  2.7
Hexes          | |  0.7

Action                   |  1- 3 |  4- 6 || total
-------------------------+-------+-------++-------
Melee: Spear             |     5 |     6 ||    11
       Tentacles         |     1 |     1 ||     2
       Constrict         |     1 |     2 ||     3
       Mace              |       |     4 ||     4
 Cast: Magic Dart        |    56 |    54 ||   110
       Searing Ray       |     2 |     1 ||     3
       Dazzling Spray    |       |     1 ||     1
  Eat: Chunk             |     2 |     4 ||     6
Armor: Skin              |     1 |       ||     1
Dodge: Dodged            |    19 |    16 ||    35
